[Event "CAN-ch"]
[Site "Guelph CAN"]
[Date "2015.07.11"]
[Round "2.9"]
[White "Doknjas, Joshua"]
[Black "Noritsyn, Nikolay"]
[Result "0-1"]
[ECO "B22"]
[WhiteElo "2082"]
[BlackElo "2586"]
[PlyCount "116"]
[EventDate "2015.07.10"]
[EventType "swiss"]
[EventRounds "9"]
[EventCountry "CAN"]
[TimeControl "40/5400+30:1800+30"]

1. e4 c5 2. Nf3 e6 3. c3 Nf6 4. e5 Nd5 5. Bc4 d6 6. d4 cxd4 7. cxd4 Nb6 8. Bd3
Nc6 9. O-O dxe5 10. dxe5 Nb4 11. Be4 Qxd1 12. Rxd1 N4d5 13. Bc2 Bd7 14. Nbd2
Rc8 15. Bb3 Ba4 16. Bxa4+ Nxa4 17. b3 Nac3 18. Rf1 Nb4 19. Bb2 Ne2+ 20. Kh1 Nd3
21. Bd4 Nxd4 22. Nxd4 Bc5 23. N2f3 Ke7 24. Rad1 Bxd4 25. Rxd3 Bb6 26. Rfd1 Rhd8
27. Rxd8 Bxd8 28. g3 Ba5 29. Kg2 Rc2 30. a4 Rc3 31. Rb1 Bc7 32. Rb2 h6 33. h4
a6 34. Rb1 Bb8 35. Rb2 Ba7 36. b4 Kd7 37. Rd2+ Kc7 38. Rb2 Bb6 39. g4 g6 40.
Kg3 Kc8 41. Kg2 Bc7 42. g5 h5 43. b5 Rc4 44. b6 Bd8 45. a5 Be7 46. Ra2 Bb4 47.
Ra4 Kd7 48. Ra1 Rc5 49. Rd1+ Ke7 50. Nd4 Rxe5 51. Rc1 Rc5 52. Rxc5 Bxc5 53. Nb3
Bb4 54. Kf3 Kd6 55. Ke4 Be1 56. Ke3 Kd5 57. Ke2 Bc3 58. Kd3 Bb4 0-1

[Event "CAN-ch"]
[Site "Guelph CAN"]
[Date "2015.07.11"]
[Round "3.4"]
[White "Noritsyn, Nikolay"]
[Black "Zhu, Hong Rui"]
[Result "1/2-1/2"]
[ECO "A36"]
[WhiteElo "2586"]
[BlackElo "2304"]
[PlyCount "98"]
[EventDate "2015.07.10"]
[EventType "swiss"]
[EventRounds "9"]
[EventCountry "CAN"]
[TimeControl "40/5400+30:1800+30"]

1. c4 c5 2. Nc3 Nc6 3. g3 g6 4. Bg2 Bg7 5. a3 a5 6. Nh3 e6 7. O-O Nge7 8. Nf4
O-O 9. Rb1 Rb8 10. d3 b6 11. Bd2 Bb7 12. Na2 d6 13. b4 axb4 14. axb4 Qd7 15. b5
Ne5 16. e4 d5 17. cxd5 exd5 18. Qe2 Ra8 19. Nc3 d4 20. Nd1 Ra2 21. Nb2 Nc8 22.
Nc4 Nxc4 23. dxc4 Nd6 24. Qd3 Rfa8 25. Bc1 R8a4 26. Nd5 Nxc4 27. Re1 Ne5 28.
Qd1 Bxd5 29. exd5 Qf5 30. Bf4 g5 31. Qh5 Qc2 32. Be4 Qxf2+ 33. Kh1 gxf4 34. Rf1
Qxh2+ 35. Qxh2 Rxh2+ 36. Kxh2 fxg3+ 37. Kxg3 Ra3+ 38. Kf4 Ng6+ 39. Bxg6 hxg6
40. Ra1 Re3 41. Ra8+ Bf8 42. Rf3 Re2 43. d6 Kg7 44. d7 Bd6+ 45. Kg5 Rg2+ 46.
Kh4 Rh2+ 47. Rh3 Be7+ 48. Kg3 Bd6+ 49. Kh4 Be7+ 1/2-1/2

[Event "CAN-ch"]
[Site "Guelph CAN"]
[Date "2015.07.12"]
[Round "4.4"]
[White "Gerzhoy, Leonid"]
[Black "Noritsyn, Nikolay"]
[Result "1-0"]
[ECO "B50"]
[WhiteElo "2538"]
[BlackElo "2586"]
[PlyCount "105"]
[EventDate "2015.07.10"]
[EventType "swiss"]
[EventRounds "9"]
[EventCountry "CAN"]
[TimeControl "40/5400+30:1800+30"]

1. e4 c5 2. Nf3 d6 3. c3 Nf6 4. Be2 Nbd7 5. d3 b6 6. O-O Bb7 7. h3 g6 8. Be3
Bg7 9. Nbd2 O-O 10. a4 Qc7 11. a5 d5 12. Qc2 Rac8 13. axb6 axb6 14. Nh2 e5 15.
exd5 Nxd5 16. Bf3 Nxe3 17. fxe3 Bxf3 18. Rxf3 b5 19. e4 c4 20. dxc4 bxc4 21.
Ng4 Nb6 22. Nf1 Qc5+ 23. Kh2 Kh8 24. Ng3 h5 25. Nf6 Rc6 26. Raf1 Bh6 27. Ngxh5
gxh5 28. Rf5 Rxf6 29. Rxf6 Kg7 30. R1f5 Bf4+ 31. g3 Be3 32. Qd1 Qb5 33. Qxh5
Qxb2+ 34. Rf2 Qxf2+ 35. Rxf2 Bxf2 36. Qg5+ Kh7 37. Qf5+ Kg7 38. Qxf2 Na4 39.
Qf5 Re8 40. Qd7 Ra8 41. Qd5 Ra7 42. Qxe5+ f6 43. Qd4 Re7 44. Qxc4 Nb6 45. Qc5
Re6 46. Qc7+ Kf8 47. c4 Ke8 48. c5 Nc4 49. c6 Rd6 50. Qb8+ Kf7 51. c7 Rd2+ 52.
Kg1 Ne5 53. Qb3+ 1-0

[Event "CAN-ch"]
[Site "Guelph CAN"]
[Date "2015.07.12"]
[Round "5.3"]
[White "Noritsyn, Nikolay"]
[Black "Haessel, Dale"]
[Result "1-0"]
[ECO "C65"]
[WhiteElo "2586"]
[BlackElo "2274"]
[PlyCount "47"]
[EventDate "2015.07.10"]
[EventType "swiss"]
[EventRounds "9"]
[EventCountry "CAN"]
[TimeControl "40/5400+30:1800+30"]

1. e4 e5 2. Nf3 Nc6 3. Bb5 Nf6 4. d3 Bc5 5. O-O Nd4 6. Nxd4 Bxd4 7. Nd2 c6 8.
Ba4 Bb6 9. Nc4 Bc7 10. f4 exf4 11. e5 Nd5 12. Nd6+ Bxd6 13. exd6 O-O 14. Bb3
Qg5 15. Qf3 b6 16. Bxf4 Qxf4 17. Qxf4 Nxf4 18. Rxf4 Bb7 19. Raf1 Rad8 20. Rxf7
Rxf7 21. Rxf7 Kh8 22. Kf2 h6 23. h4 h5 24. Rf5 1-0

[Event "CAN-ch"]
[Site "Guelph CAN"]
[Date "2015.07.14"]
[Round "7.3"]
[White "Noritsyn, Nikolay"]
[Black "Plotkin, Victor"]
[Result "1-0"]
[ECO "D36"]
[WhiteElo "2586"]
[BlackElo "2400"]
[PlyCount "67"]
[EventDate "2015.07.10"]
[EventType "swiss"]
[EventRounds "9"]
[EventCountry "CAN"]
[TimeControl "40/5400+30:1800+30"]

1. d4 d5 2. c4 e6 3. Nc3 Nf6 4. cxd5 exd5 5. Bg5 Be7 6. e3 c6 7. Qc2 Nbd7 8.
Bd3 Nf8 9. Nge2 Ne6 10. Bh4 g6 11. a3 O-O 12. O-O b6 13. Rad1 Bb7 14. f3 c5 15.
dxc5 bxc5 16. Bc4 Qb6 17. Bxf6 Bxf6 18. Nxd5 Bxd5 19. Bxd5 Rab8 20. Nc3 c4 21.
Bxc4 Qxe3+ 22. Kh1 Nd4 23. Qa4 Be5 24. Nd5 Qh6 25. f4 Bg7 26. Ne7+ Kh8 27. Qxa7
Nc2 28. b3 Rbd8 29. Rxd8 Rxd8 30. Nc6 Re8 31. Ne5 Bxe5 32. fxe5 f5 33. exf6 Ne3
34. f7 1-0